 Dungeon Crawl Stone Soup version 0.30.0-30-g96aa6591b8 (webtiles) character file.

Game seed: 11771034141461657334

13280 Fodor the Carver (level 11, -2/95 HPs)
             Began as a Minotaur Fighter on June 27, 2023.
             Was an Initiate of Gozag.
             Slain by a death knight
             ... wielding a +1 broad axe
              (12 damage)
             ... on level 12 of the Dungeon.
             The game lasted 01:19:47 (10723 turns).

Fodor the Carver (Minotaur Fighter)                Turns: 10723, Time: 01:19:47

Health: -2/95      AC: 28    Str: 25    XL:     11   Next: 73%
Magic:  10/10      EV: 11    Int:  7    God:    Gozag
Gold:   858        SH: 12    Dex: 15    Spells: 10/10 levels left

rFire   x . .        u - +6 long sword of Inconvenience {holy, *Slow rElec rN++ Will+}
rCold   . . .        c - +0 buckler
rNeg    + + +        O - +7 chain mail of Tuarphuq {rF- Will+ Regen+ Int+2}
rPois   .            m - +2 hat
rElec   +            h - +2 cloak
rCorr   +            U - +0 pair of gloves
SInv    +            E - +2 pair of boots
Will    ++++.        k - amulet of reflection Stlth
                     G - ring "Rolameom" {*Slow rElec rN+ Will++ Dex+2}
HPRegen 1.15/turn    M - ring "Viyr" {Wiz rCorr Dex+3 SInv}
MPRegen 0.12/turn

%: slow self (2%), reflection, wizardry (x1)
@: about to teleport, on berserk cooldown, slowed, very slow
A: horns 2, retaliatory headbutt
a: Renounce Religion, Potion Petition, Call Merchant, Bribe Branch


You were on level 12 of the Dungeon.
You worshipped Gozag.
Gozag was pleased with you.
You visited 2 branches of the dungeon, and saw 13 of its levels.
You also visited: Ossuary.

You collected 2010 gold pieces.
You spent 1072 gold pieces at shops.
You paid 80 gold pieces to Gozag.

Inventory:

Hand Weapons
 q - a +2 quarterstaff of chaos
 u - the +6 long sword of Inconvenience (weapon) {holy, *Slow rElec rN++ Will+}
   (You found it on level 3 of the Dungeon)

   rElec:     It insulates you from electricity.
   rN:        It greatly protects you from negative energy.
   *Slow:     It may slow you when you take damage.
   Will:      It increases your willpower.
 y - a +0 shortbow
 F - a +2 mace of draining
 R - a +4 great sword
 T - a +5 glaive of venom
Missiles
 n - 20 poisoned darts (quivered)
 s - a throwing net
 Q - 2 atropa-tipped darts
Armour
 c - a +0 buckler (worn)
 h - a +2 cloak (worn)
 m - a +2 hat (worn)
 E - a +2 pair of boots (worn)
 O - the +7 chain mail of Tuarphuq (worn) {rF- Will+ Regen+ Int+2}
   (You bought it in a shop on level 6 of the Dungeon)

   Int:       It affects your intelligence (+2).
   rF:        It makes you vulnerable to fire.
   Regen:     It increases your rate of health regeneration.
   Will:      It increases your willpower.
 P - the scarf of Lethargy {repulsion, rElec}
   (You bought it in a shop on level 6 of the Dungeon)

   rElec:     It insulates you from electricity.
 U - a +0 pair of gloves (worn)
Jewellery
 a - an amulet of guardian spirit
 k - an amulet of reflection (around neck)
 G - the ring "Rolameom" (left hand) {*Slow rElec rN+ Will++ Dex+2}
   (You bought it in a shop on level 4 of the Dungeon)

   [ring of positive energy]

   Dex:       It affects your dexterity (+2).
   rElec:     It insulates you from electricity.
   rN:        It protects you from negative energy.
   *Slow:     It may slow you when you take damage.
   Will:      It greatly increases your willpower.
 I - a ring of fire
 M - the ring "Viyr" (right hand) {Wiz rCorr Dex+3 SInv}
   (You acquired it on level 11 of the Dungeon)

   [ring of wizardry]

   It improves your spell success rate.
   Dex:       It affects your dexterity (+3).
   SInv:      It lets you see invisible.
   rCorr:     It protects you from acid and corrosion.
 N - a ring of protection from cold
Wands
 f - a wand of polymorph (3)
 g - a wand of roots (8)
 r - a wand of flame (19)
 K - a wand of charming (14)
Scrolls
 e - a scroll of blinking
 l - 2 scrolls of fog
 o - 2 scrolls of vulnerability
 t - a scroll of magic mapping
 v - a scroll of immolation
 C - 4 scrolls of teleportation
 D - 2 scrolls of silence
 S - a scroll of amnesia
Potions
 d - 2 potions of might
 i - 2 potions of lignification
 j - a potion of haste
 p - a potion of mutation
 w - 5 potions of curing
 x - 2 potions of attraction
 z - 2 potions of heal wounds
 A - a potion of magic
 B - 2 potions of brilliance
 H - 4 potions of cancellation
 J - 2 potions of ambrosia {unknown}
 L - 3 potions of flight


   Skills:
 + Level 8.8 Fighting
 + Level 3.2(8.5) Short Blades
 + Level 13.2(13.4) Long Blades
 + Level 2.4 Throwing
 + Level 9.8 Armour
 + Level 5.7 Dodging
 + Level 2.4 Stealth
 + Level 11.7 Shields


You had 10 spell levels left.
You didn't know any spells.
Your spell library contained the following spells:

 Spells                   Type           Power      Damage    Failure   Level
 Apportation              Tloc           0%         N/A       61%         1
 Beastly Appendage        Tmut           0%         N/A       61%         1
 Necrotise                Necr           0%         1d4       61%         1
 Summon Small Mammal      Summ           0%         N/A       61%         1
 Static Discharge         Conj/Air       0%         2-2/arc   75%         2
 Wereblood                Tmut           0%         N/A       75%         2
 Call Canine Familiar     Summ           0%         N/A       92%         3
 Dazzling Flash           Conj/Hex       0%         N/A       92%         3
 Gell's Gravitas          Tloc           0%         N/A       92%         3
 Portal Projectile        Hex/Tloc       0%         N/A       92%         3
 Spider Form              Tmut/Pois      0%         N/A       92%         3
 Stone Arrow              Conj/Erth      0%         3d7       92%         3
 Teleport Other           Tloc           0%         N/A       92%         3
 Tukima's Dance           Hex            0%         N/A       92%         3
 Volatile Blastmotes      Fire/Tloc      0%         2d10      92%         3
 Airstrike                Air            0%         2d(0-16)  100%        4
 Animate Armour           Summ/Erth      0%         N/A       100%        4
 Iskenderun's Mystic Bla  Conj/Tloc      0%         2d3       100%        4
 Leda's Liquefaction      Hex/Erth       0%         N/A       100%        4
 Manifold Assault         Tloc           0%         N/A       100%        4
 Passage of Golubria      Tloc           0%         N/A       100%        4
 Petrify                  Tmut/Erth      0%         N/A       100%        4
 Summon Lightning Spire   Summ/Air       0%         N/A       100%        4
 Agony                    Necr           0%         N/A       100%        5
 Metabolic Englaciation   Hex/Ice        0%         N/A       100%        5
 Silence                  Hex/Air        0%         N/A       100%        5
 Yara's Violent Unravell  Hex/Tmut       0%         3d3       100%        5
 Dispersal                Tloc           0%         N/A       100%        6
 Starburst                Conj/Fire      0%         6d3       100%        6
 Statue Form              Tmut/Erth      0%         N/A       100%        6
 Disjunction              Tloc           0%         N/A       100%        8
 Lehudib's Crystal Spear  Conj/Erth      0%         10d2      100%        8


Dungeon Overview and Level Annotations

Branches:
Dungeon (12/15)            Temple (1/1) D:5            Lair (0/5) D:8
    Orc (0/2) D:10        Ossuary (visited)

Altars:
Ashenzari
Cheibriados
Dithmenos
Elyvilon
Fedhas
Gozag
Hepliaklqana
Kikubaaqudgha
Makhleb
Nemelex Xobeh
Okawaru
Qazlal
Ru
Sif Muna
Trog
Uskayaw
Vehumet
Wu Jian
Xom
Yredelemnul
Zin
The Shining One

Shops:
D:2 (   D:4 =*==   D:6 [:[   D:9 [   D:11 !

Annotations:
D:10 1 transporter


Innate Abilities, Weirdness & Mutations

You have a pair of horns on your head.
You reflexively headbutt those who attack you in melee.


Message History

The boulder beetle leaps!
The death knight's dark mirror aura disappears.
The death knight hits you but does no damage.
The wraith hits you but does no damage.
The death knight hits you with a +1 broad axe.
The howler monkey hoots and howls with incredible vigour!
The death knight misses you. You furiously retaliate!
You headbutt the death knight!
The four-headed hydra closely misses you.
The four-headed hydra bites you but does no damage.
The four-headed hydra bites you.
The four-headed hydra barely misses you.
You hear a horrible gurgling sound!
You lop one of the four-headed hydra's heads off!
The three-headed hydra grows two more!
You slash the five-headed hydra!
The five-headed hydra is lightly wounded.
The centaur warrior unwields a +0 shortbow.
You block the centaur warrior's attack.
The centaur warrior kicks you but does no damage.
The five-headed hydra closely misses you.
The five-headed hydra bites you. x3
* * * LOW HITPOINT WARNING * * *
You block the five-headed hydra's attack.
The death knight hits you with a +1 broad axe!!
* * * LOW HITPOINT WARNING * * *
The centaur warrior hits you.
* * * LOW HITPOINT WARNING * * *
The centaur warrior barely misses you.
Okay, then.
As you read the scroll of teleportation, it crumbles to dust.
You feel strangely unstable.
The centaur warrior hits you but does no damage.
You block the centaur warrior's attack.
You block the five-headed hydra's attack.
The five-headed hydra bites you but does no damage. x2
The five-headed hydra misses you.
The five-headed hydra bites you but does no damage.
The death knight hits you with a +1 broad axe!
You die...
Your body crumbles into a pile of gold.

##...##..........
##..$.##........#
##...#$##........#
##...##C..........#
##...###........##
##...## #....)..## $
##...#####hT.....###
##........DpO.>.......
##.....####@c...####.#.#
##.....## #.W...# #.#.#
#...#### #.....####.#.#
. ##### #.....'......#
.. #.....####.### ..
##....# #.#####.. #....#
#........ ### #....#
#........ #.#
###....####........


You could see a death knight, a five-headed hydra, a centaur warrior, a
two-headed ogre, a cyclops, a troll, a wraith and a howler monkey (catching
breath).

Vanquished Creatures
  Josephine (D:11)
  A hydra (D:12)
  A two-headed ogre (D:12)
  A boulder beetle (D:8)
  Urug (D:11)
  A deep elf pyromancer (D:12)
  An ugly thing (D:11)
  A cyclops (D:12)
  Maurice (D:8)
  A gargoyle (D:11)
  A kobold demonologist (D:12)
  A hornet (D:9)
  3 trolls
  7 yaks
  A wyvern (D:9)
  Eustachio (D:5)
  6 wraiths
  A redback (shapeshifter) (D:9)
  2 vampire mosquitoes (D:7)
  3 steam dragons
  A water moccasin (D:5)
  5 orc warriors
  4 sky beasts
  3 black bears
  3 ogres
  3 centaurs (D:11)
  3 phantoms
  3 bullfrogs (D:7)
  3 gnoll sergeants (D:10)
  6 scorpions
  A water moccasin zombie (Ossuary)
  8 wights (D:9)
  5 killer bees (D:11)
  3 howler monkeys (D:9)
  2 hounds
  A human zombie (Ossuary)
  A jelly (D:6)
  7 orc priests
  A bullfrog zombie (Ossuary)
  Crazy Yiuf (D:2)
  2 scorpion zombies (Ossuary)
  12 orc wizards
  A mummy (Ossuary)
  Robin (D:2)
  11 gnolls (D:10)
  6 adders
  2 shadow imps
  2 white imps
  2 adder zombies (Ossuary)
  A worm (D:10)
  3 dart slugs
  61 orcs
  7 endoplasms
  8 giant cockroaches
  5 gnoll zombies (Ossuary)
  15 goblins
  8 hobgoblins
  5 jackals
  6 kobolds
  9 quokkas
  9 ball pythons
  2 bats
  4 frilled lizards
  3 goblin zombies (Ossuary)
  3 hobgoblin zombies (Ossuary)
  An orc zombie (Ossuary)
  2 rats (D:1)
291 creatures vanquished.

Vanquished Creatures (others)
  A sky beast (D:8)
1 creature vanquished.

Grand Total: 292 creatures vanquished

Notes
Turn   | Place    | Note
-------+----------+-------------------------------------------
     0 | D:1      | Fodor the Minotaur Fighter began the quest for the Orb.
     0 | D:1      | Reached XP level 1. HP: 19/19 MP: 0/0
    72 | D:1      | Found a faded altar of an unknown god.
   199 | D:1      | Reached XP level 2. HP: 27/27 MP: 1/1
   792 | D:2      | Reached XP level 3. HP: 33/33 MP: 2/2
   996 | D:2      | Found Alukhlest's Antique Weapon Shop.
  1012 | D:2      | Reached skill level 1 in Short Blades
  1278 | D:2      | Reached XP level 4. HP: 40/40 MP: 3/3
  1358 | D:2      | Noticed Robin
  1366 | D:2      | Killed Robin
  1497 | D:2      | Found a runed translucent door.
  1498 | D:2      | Noticed Crazy Yiuf
  1505 | D:2      | Killed Crazy Yiuf
  1970 | D:3      | Reached XP level 5. HP: 46/46 MP: 4/4
  1994 | D:3      | Reached skill level 5 in Shields
  2455 | D:3      | Reached skill level 1 in Dodging
  2456 | D:3      | Identified the +6 long sword of Inconvenience {holy, *Slow
                  | rElec rN++ Will+}
  2478 | D:3      | Found an ornate altar of the Wu Jian Council.
  2483 | D:3      | Found a hazy altar of Hepliaklqana.
  2488 | D:3      | Found a basalt altar of Yredelemnul.
  2555 | D:4      | Found a sand-covered staircase.
  2560 | Ossuary  | Entered an ossuary
  2579 | Ossuary  | Reached skill level 5 in Armour
  2597 | Ossuary  | Reached XP level 6. HP: 52/52 MP: 5/5
  2606 | Ossuary  | Reached skill level 3 in Long Blades
  2653 | Ossuary  | Reached skill level 4 in Long Blades
  2672 | Ossuary  | Reached XP level 7. HP: 58/60 MP: 6/6
  2683 | Ossuary  | Noticed a silent spectre
  2776 | D:4      | Found an ancient bone altar of Kikubaaqudgha.
  3136 | D:4      | Found Zuxuraep's Jewellery Shop.
  3370 | D:4      | Reached skill level 5 in Long Blades
  3501 | D:4      | Found Heibbuis's Jewellery Boutique.
  3655 | D:4      | Found Damnichuptit's Jewellery Boutique.
  3662 | D:4      | Found Nifim's Assorted Antiques.
  3665 | D:4      | Bought a vibrating bronze ring for 135 gold pieces
  3665 | D:4      | Identified the ring "Rolameom" {*Slow rElec rN+ Will++
                  | Dex+2} (You bought it in a shop on level 4 of the Dungeon)
  3705 | D:4      | Found Zuaqoyna's Antique Armour Shop.
  3829 | D:5      | Entered Level 5 of the Dungeon
  3931 | D:5      | Noticed Eustachio
  3951 | D:5      | Killed Eustachio
  3952 | D:5      | Reached skill level 6 in Long Blades
  4045 | D:5      | Reached skill level 5 in Fighting
  4045 | D:5      | Reached XP level 8. HP: 62/68 MP: 7/7
  4201 | D:5      | Found a staircase to the Ecumenical Temple.
  4214 | Temple   | Entered the Ecumenical Temple
  4222 | Temple   | Became a worshipper of Gozag Ym Sagoz the Greedy
  4581 | D:6      | Found Yniylirch's Book Boutique.
  4685 | D:6      | Found Tahais's Antique Armour Boutique.
  4730 | D:6      | You fall into a shaft and drop 2 floors!
  4762 | D:8      | Reached skill level 7 in Long Blades
  4762 | D:8      | Reached skill level 1 in Stealth
  5145 | D:6      | Reached skill level 8 in Long Blades
  5198 | D:6      | Found Daaptod's Antique Armour Boutique.
  5209 | D:6      | Reached XP level 9. HP: 73/75 MP: 8/8
  5929 | D:7      | Identified a scroll of acquirement
  5983 | D:7      | Reached skill level 9 in Long Blades
  6549 | D:6      | Bought a translucent chain mail for 209 gold pieces
  6549 | D:6      | Identified the +7 chain mail of Tuarphuq {rF- Will+ Regen+
                  | Int+2} (You bought it in a shop on level 6 of the Dungeon)
  6549 | D:6      | Bought a polished scarf for 220 gold pieces
  6549 | D:6      | Identified the scarf of Lethargy {repulsion, rElec} (You
                  | bought it in a shop on level 6 of the Dungeon)
  6964 | D:8      | Noticed Maurice
  6972 | D:8      | Noticed a boulder beetle
  6979 | D:8      | Killed Maurice
  6999 | D:9      | Reached skill level 10 in Long Blades
  7084 | D:8      | Killed a boulder beetle
  7085 | D:8      | Reached skill level 1 in Throwing
  7085 | D:8      | Reached XP level 10. HP: 80/84 MP: 9/9
  7274 | D:8      | Found a staircase to the Lair.
  7584 | D:9      | Found Pela Hoo's Antique Armour Emporium.
  7587 | D:9      | Found a blossoming altar of Fedhas.
  7591 | D:9      | Bought a pair of runed boots for 270 gold pieces
  7626 | D:9      | Reached skill level 11 in Long Blades
  7641 | D:9      | Reached skill level 10 in Shields
  8160 | D:9      | Paralysed by a hornet for 2 turns
  8229 | D:10     | Entered Level 10 of the Dungeon
  8258 | D:10     | Found a staircase to the Orcish Mines.
  8306 | D:10     | Reached skill level 12 in Long Blades
  8384 | D:10     | Found an iron altar of Okawaru.
  8384 | D:10     | Found a radiant altar of Vehumet.
  8385 | D:10     | Found a burning altar of Makhleb.
  8385 | D:10     | Found a glowing golden altar of the Shining One.
  8938 | D:10     | Found a transporter.
  8992 | D:10     | Found a transporter.
  9169 | D:10     | Found a snail-covered altar of Cheibriados.
  9229 | D:11     | Noticed a white ugly thing
  9241 | D:11     | Killed a white ugly thing
  9349 | D:11     | Found Get Vaod's Distillery.
  9356 | D:11     | Bought a potion of heal wounds for 85 gold pieces
  9356 | D:11     | Bought a potion of curing for 51 gold pieces
  9356 | D:11     | Bought 2 potions of flight for 102 gold pieces
  9360 | D:11     | Acquired the ring "Viyr" {Wiz rCorr Dex+3 SInv}
  9386 | D:11     | Noticed a gargoyle
  9396 | D:11     | Killed a gargoyle
  9397 | D:11     | Reached XP level 11. HP: 84/92 MP: 10/10
  9446 | D:11     | Noticed Josephine
  9462 | D:11     | Killed Josephine
  9463 | D:11     | Reached skill level 5 in Dodging
 10013 | D:11     | Noticed Urug
 10032 | D:11     | Killed Urug
 10468 | D:12     | Noticed a two-headed ogre
 10473 | D:12     | Killed a two-headed ogre
 10537 | D:12     | Reached skill level 13 in Long Blades
 10595 | D:12     | Noticed a deep elf pyromancer
 10609 | D:12     | Killed a deep elf pyromancer
 10672 | D:12     | Noticed a six-headed hydra
 10686 | D:12     | Killed a nine-headed hydra
 10692 | D:12     | Noticed a boulder beetle
 10700 | D:12     | Noticed a centaur warrior
 10702 | D:12     | Noticed a death knight
 10704 | D:12     | Noticed a two-headed ogre
 10709 | D:12     | Noticed a four-headed hydra
 10723 | D:12     | Slain by a death knight

Illustrated notes

Levels and vault maps discovered:
D:1:      minmay_arrival_semitransparent, layout_basic,
          shapermc_ecumenical_altar_mp_ritualfount
D:2:      layout_basic, serial_shops, shop, minmay_mini_jars,
          uniq_crazy_yiuf_cottage, uniq_robin
D:3:      layout_loops_ring, grunt_temple_overflow_diamond,
          kennysheep_generic_room_16
D:4:      layout_gridville, kiku_gazebo_garden_becter, serial_shops, shop,
          nicolae_shop_real_fake_doors, shop, nicolae_shop_gaudy_bauble,
          nicolae_shop_tiny_glass, nicolae_ossuary_entry_monument, minmay_puff
D:5:      layout_rooms, minmay_temple_entry_antechambers, uniq_eustachio
D:6:      layout_basic, serial_shops, nicolae_shop_window_shopping, shop,
          nicolae_shop_waterfront
D:7:      layout_basic
D:8:      layout_cave_pools, lair_entry_dummy, hangedman_misty_isle,
          uniq_maurice
D:9:      layout_roguey [special_room_orc], fedhas_altar_1, serial_shops, shop,
          minmay_microvault
D:10:     gammafunk_worm_tunnel, layout_cave_pools, cheibrodos_worm_habitat,
          chequers_temple_overflow_statue_of_worship, david_orc_3
D:11:     layout_loops_corners, serial_shops, nicolae_stop_n_shop_2,
          uniq_josephine, uniq_urug
D:12:     minmay_triangles_in_corner, layout_basic, introduction_to_nature_2
Temple:   nicolae_temple_no_exploring_needed

Skill      XL: |  1  2  3  4  5  6  7  8  9 10 11 |
---------------+----------------------------------+-----
Shields        | 4 5 6 7 9 10 11 | 11.7
Armour         | 4 5 7 8 9 |  9.8
Short Blades   | 1 2 3 |  3.2
Fighting       | 4 5 6 7 8 |  8.8
Dodging        | 1 2 3 4 5 |  5.7
Long Blades    | 4 6 8 10 12 13 | 13.2
Stealth        | 1 2 |  2.4
Throwing       | 1 2 |  2.4

Action                     |  1- 3 |  4- 6 |  7- 9 | 10-12 || total
---------------------------+-------+-------+-------+-------++-------
  Melee: Long sword        |    21 |    43 |   248 |   387 ||   699
         Dagger            |   108 |    77 |       |       ||   185
         Headbutt          |    19 |    18 |    55 |    95 ||   187
  Throw: Dart              |       |       |     8 |    11 ||    19
    Use: Scroll            |       |       |    21 |     9 ||    30
         Potion            |       |       |     6 |     3 ||     9
   Stab: Distracted        |       |       |     2 |     4 ||     6
 Armour: Scale mail        |    54 |    48 |    68 |       ||   170
         Skin              |       |       |     8 |       ||     8
         Chain mail        |       |       |    22 |   204 ||   226
  Dodge: Dodged            |    57 |    46 |    90 |   146 ||   339
  Block: Buckler           |    44 |    61 |   180 |   212 ||   497
         Reflection        |       |     2 |       |    10 ||    12
